 Dungeon Crawl Stone Soup version 0.20.1-1-g8b1a95d (webtiles) character file.

174 OneorTwo the Shooter (level 5, -1/45 HPs)
             Began as a Centaur Hunter on July 26, 2017.
             Killed from afar by Natasha (5 damage)
             ... with a magic dart
             ... on level 3 of the Dungeon.
             The game lasted 00:16:50 (2934 turns).

OneorTwo the Shooter (Centaur Hunter)               Turns: 2934, Time: 00:16:51

Health: -1/45      AC:  4    Str: 15    XL:     5   Next: 28%
Magic:  5/5        EV:  9    Int: 10    God:
Gold:   165        SH:  0    Dex: 10    Spells: 4/4 levels left

rFire    . . .     SeeInvis .   h - +1 whip (venom)
rCold    . . .     Gourm    .   (no shield)
rNeg     . . .     Faith    .   c - +0 leather armour
rPois    .         Spirit   .   (no helmet)
rElec    .         Reflect  .   (no cloak)
rCorr    .         Harm     .   (no gloves)
MR       .....                  (no barding)
Stlth    +.........             (no amulet)
Regen    0.2/turn               (no ring)
MPRegen  0.1/turn               (no ring)

@: very quick
A: hooves 3, deformed body, speed 2, tough skin 3
a: no special abilities


You were on level 3 of the Dungeon.
You were not hungry.

You visited 1 branch of the dungeon, and saw 5 of its levels.

You collected 165 gold pieces.

Inventory:

Hand Weapons
 a - a +1 shortbow
 b - a +0 short sword
 h - a +1 whip of venom (weapon)
 n - a +0 club
Missiles
 e - 95 stones (quivered)
 k - 33 sling bullets
 m - 23 bolts
Armour
 c - a +0 leather armour (worn)
 p - a +0 buckler
Scrolls
 g - a scroll of magic mapping
 i - a scroll of remove curse
 l - 9 scrolls of identify
 r - a scroll of noise {unknown}
 t - a scroll of recharging {unknown}
Potions
 q - a potion of haste {unknown}
 s - a potion of degeneration {unknown}
Comestibles
 f - 3 bread rations
 j - 2 meat rations


   Skills:
 + Level 3.0 Fighting
 + Level 7.8 Bows
 + Level 0.8 Armour
 + Level 1.4 Dodging
 + Level 0.5 Stealth


You had 4 spell levels left.
You didn't know any spells.

Dungeon Overview and Level Annotations

Branches:
Dungeon (5/15)
 Temple: D:4-7

Altars:

Annotations:
D:3 Natasha, Robin


Innate Abilities, Weirdness & Mutations

You have hooves in place of feet.
Armour fits poorly on your strangely shaped body.
You cover ground very quickly.
You have extremely tough skin. (AC +3)


Message History

Throwing (i - inventory):
e - 98 stones (quivered)
Press: ? - help, Shift-Dir - straight line, f/p - Natasha
Aim: Natasha (heavily wounded)
You throw a stone. The stone hits Natasha.
Natasha is severely wounded.
Throwing (i - inventory):
e - 97 stones (quivered)
Press: ? - help, Shift-Dir - straight line, f/p - Natasha
Aim: Natasha (severely wounded)
You throw a stone.
The stone hits Natasha but does no damage.
Natasha is severely wounded.
The hobgoblin no longer looks unusually strong.
Throwing (i - inventory):
e - 96 stones (quivered)
Press: ? - help, Shift-Dir - straight line, f/p - Natasha
Aim: Natasha (severely wounded)
You throw a stone. The stone hits Natasha.
Natasha is severely wounded.
Natasha stares at you and mumbles some strange words.
The magic dart hits you!
You die...

########### ..........#
#########.# ###### #.# .....#
#.# ####.# #.#
#.####.#######################
#>...........@h.(g.gg..g.)g..(
#.#.##.#######################
#.#.##.# #.............#
#.#.##.# #.###########.#
#.#.##.#########.#########.#.#
#<#.##.....................#.#
#.............................
###.############.#######...#..
#.# #.....# #.#.###


You could see Robin, Natasha, a hobgoblin and a goblin.

Vanquished Creatures
  Terence (D:2)
  5 adders
  3 gnolls (D:3)
  2 worms
  3 dart slugs
  3 ball pythons
  2 giant cockroaches
  13 goblins
  7 hobgoblins
  5 jackals
  5 bats
  6 frilled lizards
  3 kobolds
  8 rats
66 creatures vanquished.

Notes
Turn   | Place    | Note
-------+----------+-------------------------------------------
     0 | D:1      | OneorTwo the Centaur Hunter began the quest for the Orb.
     0 | D:1      | Reached XP level 1. HP: 17/17 MP: 1/1
   186 | D:1      | Reached XP level 2. HP: 22/24 MP: 2/2
   363 | D:1      | Reached skill level 6 in Bows
   975 | D:2      | Reached XP level 3. HP: 19/29 MP: 3/3
  1360 | D:2      | Reached skill level 7 in Bows
  1559 | D:2      | Noticed Terence
  1565 | D:2      | Killed Terence
  1565 | D:2      | Reached XP level 4. HP: 37/37 MP: 4/4
  2470 | D:3      | Reached XP level 5. HP: 25/44 MP: 5/5
  2503 | D:3      | HP: 2/44 [gnoll (5)]
  2638 | D:3      | Noticed Natasha
  2648 | D:3      | Noticed Robin
  2880 | D:5      | Entered Level 5 of the Dungeon
  2934 | D:3      | Killed from afar by Natasha

Skill      XL: |  1  2  3  4  5 |
---------------+----------------+-----
Bows           | 6 7 |  7.8
Fighting       | 3 |  3.0
Armour         | |  0.8
Dodging        | |  1.4
Stealth        | |  0.5

Action                   |  1- 3 |  4- 6 || total
-------------------------+-------+-------++-------
Melee: Shortbow          |       |     6 ||     6
       Whip              |       |     3 ||     3
       Kick              |       |     3 ||     3
 Fire: Shortbow          |   100 |    91 ||   191
Throw: Stone             |       |    33 ||    33
  Use: Scroll            |     5 |     3 ||     8
       Potion            |     2 |     4 ||     6
  Eat: Chunk             |     1 |     3 ||     4
Armor: Leather armour    |     7 |    34 ||    41
Dodge: Dodged            |    13 |    29 ||    42
